 Dungeon Crawl Stone Soup version 0.20-b1-18-gaa2fd62 (webtiles) character file.

164 miragecloak the Changer (level 5, 0/33 HPs)
             Began as an Octopode Transmuter on May 24, 2017.
             Succumbed to Inarius's ghost's sting
             ... on level 4 of the Dungeon.
             The game lasted 00:05:32 (3659 turns).

miragecloak the Changer (Octopode Transmuter)       Turns: 3659, Time: 00:05:32

Health: 0/33       AC:  1    Str: 10    XL:     5   Next: 45%
Magic:  8/8        EV: 13    Int: 15    God:
Gold:   130        SH:  0    Dex: 13    Spells: 4/8 levels left

rFire    . . .     SeeInvis .     - Unarmed
rCold    . . .     Gourm    .   (no shield)
rNeg     . . .     Faith    .   (helmet restricted)
rPois    .         Spirit   .   (no amulet)
rElec    .         Reflect  .   (no ring)
rCorr    .         Harm     .   (no ring)
MR       .....                  (no ring)
Stlth    ++........             (no ring)
Regen    0.2/turn               (no ring)
MPRegen  0.2/turn               (no ring)
                                (no ring)
                                (no ring)

@: confused, lethally poisoned (0 -> -21)
A: almost no armour, stealthy swim, amphibious, 8 rings, constrict 8, camouflage
1, gelatinous body 1
a: no special abilities


You were on level 4 of the Dungeon.
You were hungry.

You visited 1 branch of the dungeon, and saw 4 of its levels.

You collected 130 gold pieces.

Inventory:

Missiles
 a - 66 arrows
Armour
 f - a +0 buckler
Jewellery
 i - a +5 amulet of reflection {unknown}
Scrolls
 e - a scroll of amnesia {unknown}
 g - 2 scrolls of teleportation {unknown}
 j - 4 scrolls of identify {unknown}
 l - 2 scrolls of enchant weapon {unknown}
 n - a scroll of random uselessness {unknown}
Potions
 d - 2 potions of lignification {unknown}
 k - a potion of berserk rage {unknown}
 q - a potion of ambrosia {unknown}
 r - 2 potions of haste {unknown}
Books
 b - a book of Changes

   Spells                             Type                      Level
   a - Beastly Appendage              Transmutation                1
   b - Sticks to Snakes               Transmutation                2
   c - Spider Form                    Transmutation/Poison         3
   d - Ice Form                       Ice/Transmutation            4
   e - Blade Hands                    Transmutation                5
Comestibles
 c - a bread ration
 h - a meat ration
 m - 3 fruits
 o - a royal jelly


   Skills:
 - Level 1.0 Fighting
 - Level 2.0 Dodging
 + Level 3.7 Unarmed Combat
 - Level 2.0 Spellcasting
 - Level 4.0 Transmutations
 - Level 3.3 Poison Magic


You had 4 spell levels left.
You knew the following spells:

 Your Spells              Type           Power        Failure   Level  Hunger
a - Beastly Appendage     Tmut           ##....       4%          1    #......
b - Spider Form           Tmut/Pois      ##........   14%         3    ###....


Dungeon Overview and Level Annotations

Branches:
Dungeon (4/15)
 Temple: D:4-7

Altars:
Okawaru

Annotations:
D:4 Eustachio; Grinder; Inarius's ghost, amateur DrVM


Innate Abilities, Weirdness & Mutations

You cannot wear most types of armour.
You are very stealthy in the water. (Stealth+)
You are amphibious.
You can wear up to eight rings at the same time.
You can use your tentacles to constrict eight enemies at once.
Your skin changes colour to match your surroundings (Stealth+).
Your rubbery body absorbs attacks. (AC +1, EV +1)


Message History

You feel sick.
Inarius's ghost gestures at you while chanting.
The sting hits you!
You are more poisoned.
* * * LOW HITPOINT WARNING * * *
You feel sick.
* * * LOW HITPOINT WARNING * * *
You feel sick.
* * * LOW HITPOINT WARNING * * *
You feel sick.
Inarius's ghost points at you and mumbles some strange words.
The ball explodes into a vile cloud!
The stinking cloud engulfs you!
You hear a shout! x2
You are engulfed in noxious fumes.
You choke on the stench!
You are confused.
* * * LOW HITPOINT WARNING * * *
x2 You feel sick.
You are engulfed in noxious fumes.
You choke on the stench!
You are more confused.
You die...

#...............#
##.####
#.............#
#......
#.#...######..#
#..#### ###.#
#..#####..# #.#
#.........# #.#
#.######..# #.#
#.# #..####
###.######.#
#<.....
#$...§@§W..#
#......
#.#>########
#.##### #.# #.#
#.# #.# #.# #.# #
#.# #.# #.#.# #..
#.#.## ### #....#


You could see Inarius's ghost.

Vanquished Creatures
  7 gnolls
  4 adders
  A worm (D:2)
  A leopard gecko (D:2)
  2 giant cockroaches
  6 goblins
  11 hobgoblins
  6 jackals
  3 ball pythons
  5 bats
  3 frilled lizards (D:3)
  4 kobolds
  4 rats
57 creatures vanquished.

Vanquished Creatures (others)
  A goblin (D:4)
1 creature vanquished.

Grand Total: 58 creatures vanquished

Notes
Turn   | Place    | Note
-------+----------+-------------------------------------------
     0 | D:1      | miragecloak the Octopode Transmuter began the quest for the Orb.
     0 | D:1      | Reached XP level 1. HP: 13/13 MP: 3/3
   201 | D:1      | Reached XP level 2. HP: 13/18 MP: 3/5
   263 | D:1      | Reached skill level 3 in Transmutations
  1152 | D:3      | Reached XP level 3. HP: 22/23 MP: 4/6
  1391 | D:3      | Reached skill level 4 in Transmutations
  1545 | D:3      | Learned a level 3 spell: Spider Form
  1692 | D:4      | Found an iron altar of Okawaru.
  1692 | D:4      | Noticed Grinder
  1695 | D:4      | Paralysed by Grinder for 2 turns
  1697 | D:4      | Noticed Eustachio
  2357 | D:3      | Reached skill level 1 in Poison Magic
  2357 | D:3      | Reached XP level 4. HP: 18/28 MP: 4/7
  2853 | D:2      | Reached XP level 5. HP: 22/33 MP: 5/8
  3600 | D:4      | Noticed a slave
  3641 | D:4      | Noticed a slave
  3645 | D:4      | Noticed Inarius's ghost (amateur DrVM)
  3659 | D:4      | Succumbed to Inarius's ghost's sting

Skill      XL: |  1  2  3  4 |
---------------+-------------+-----
Transmutations | 3 4 |  4.0
Poison Magic   | 1 3 |  3.3
Fighting       | |  1.0
Dodging        | |  2.0
Unarmed Combat | |  3.7
Spellcasting   | |  2.0

Action                   |  1- 3 |  4- 6 || total
-------------------------+-------+-------++-------
Melee: Unarmed           |    91 |    65 ||   156
       Constrict         |    22 |     2 ||    24
       Tentacles         |    11 |     3 ||    14
       Kick              |     7 |       ||     7
 Cast: Beastly Appendage |    19 |       ||    19
       Spider Form       |     5 |    14 ||    19
  Use: Potion            |     2 |       ||     2
 Stab: Sleeping          |     3 |     2 ||     5
  Eat: Chunk             |     5 |     6 ||    11
Armor: Skin              |     6 |    10 ||    16
Dodge: Dodged            |    57 |    65 ||   122
Block: Buckler           |     4 |       ||     4
